 Seeded DCSS version 0.29-a0-1009-g60c99734e7 (webtiles) character file.

Game seed: 20220808 (custom seed)

32 purpskrrrp the Conjurer (level 3, 0/26 HPs)
             Began as a Draconian Conjurer on Aug 8, 2022.
             Constricted to death by Ijyb (2 damage)
             ... on level 3 of the Dungeon.
             The game lasted 00:05:10 (1980 turns).

purpskrrrp the Conjurer (Draconian Conjurer)        Turns: 1980, Time: 00:05:11

Health: 0/26       AC:  9    Str:  9    XL:     3   Next: 10%
Magic:  2/6        EV:  9    Int: 20    God:
Gold:   63         SH:  0    Dex:  9    Spells: 5/6 levels left

rFire   . . .      SeeInvis .   (no weapon)
rCold   . . .      Faith    .   (no shield)
rNeg    . . .      Spirit   .   (body armour unavailable)
rPois   .          Reflect  .   (helmet restricted)
rElec   .          Harm     .   (no cloak)
rCorr   .          Rampage  .   d - +2 pair of gloves {Stlth+}
Will    .....                   c - +0 pair of boots
Stlth   +++.......              (no amulet)
HPRegen 0.08/turn               (no ring)
MPRegen 0.10/turn               (no ring)

@: grasped by roots, constricted
A: AC +5, unfitting armour, cold-blooded
a: no special abilities


You were on level 3 of the Dungeon.
You visited 1 branch of the dungeon, and saw 3 of its levels.

You collected 63 gold pieces.

Inventory:

Missiles
 g - 5 poisoned darts (quivered)
Armour
 c - a +0 pair of boots (worn)
 d - a +2 pair of gloves of stealth (worn)
Jewellery
 m - an amulet of guardian spirit
Scrolls
 h - a scroll of blinking {unknown}
 j - a scroll of summoning {unknown}
 k - a scroll of teleportation {unknown}
 l - a scroll of identify {unknown}
Potions
 a - 2 potions of magic
 b - a potion of might {unknown}
 e - 2 potions of attraction {unknown}
 f - a potion of curing {unknown}
 i - a potion of resistance {unknown}
 n - a potion of brilliance {unknown}
 o - a potion of mutation {unknown}


   Skills:
 + Level 2.3 Dodging
 + Level 2.4 Stealth
 - Level 2.2 Spellcasting
 - Level 4.2 Conjurations


You had 5 spell levels left.
You knew the following spells:

 Your Spells              Type           Power      Damage    Failure   Level
a - Magic Dart            Conj           76%        1d6       2%          1

Your spell library contained the following spells:

 Spells                   Type           Power      Damage    Failure   Level
 Searing Ray              Conj           38%        2d5       4%          2
 Dazzling Flash           Conj/Hex       20%        N/A       19%         3
 Fulminant Prism          Conj/Hex       5%         3d7       54%         4
 Iskenderun's Mystic Bla  Conj/Tloc      10%        2d4       54%         4


Dungeon Overview and Level Annotations

Branches:
Dungeon (3/15)

Altars:
Trog

Shops:
D:2 *

Annotations:
D:3 Ijyb


Innate Abilities, Weirdness & Mutations

Your plain brown scales are hard. (AC +5)
You cannot fit into any form of body armour.
You are cold-blooded and may be slowed by cold attacks.


Message History

The grasping roots constrict you.
You escape the roots grasp.
Your magical contamination has completely faded away.
Ijyb zaps a wand.
The roots erupt in riotous growth!
The grasping roots grab you! The grasping roots constrict you.
You escape the roots grasp.
Ijyb hits you but does no damage.
You closely miss Ijyb.
Ijyb is lightly wounded.
Ijyb screams, "Die!"
Ijyb hits you but does no damage.
You barely miss Ijyb.
Ijyb is lightly wounded.
Ijyb hits you but does no damage.
You barely miss Ijyb.
Ijyb is lightly wounded.
Ijyb hits you with a +0 dagger.
You barely miss Ijyb.
Ijyb is lightly wounded.
Ijyb closely misses you.
You barely miss Ijyb.
Ijyb is lightly wounded.
Ijyb zaps a wand.
The roots erupt in riotous growth!
The grasping roots grab you!
Ijyb is unaffected.
The grasping roots constrict you.
You hear a shout!
You hear a bark! x2
You barely miss Ijyb.
Ijyb is lightly wounded.
Ijyb barely misses you. The grasping roots constrict you.
* * * LOW HITPOINT WARNING * * *
Throw: 6 darts (poison)
Press: ? - help, Q - select action, (/) - cycle Shift-Dir - straight line, f/p - Ijyb
Aim: Ijyb, wielding a +0 dagger, wearing a +0 scale mail and carrying a wand of roots (2) (lightly wounded, 47% to hit)
You throw a poisoned dart. The poisoned dart hits Ijyb.
Ijyb is poisoned.
Ijyb is lightly wounded.
Ijyb hits you with a +0 dagger.
* * * LOW HITPOINT WARNING * * *
The grasping roots constrict you.
You die...

........####.#####
... ..#.....# .
..##.#.###.#
.#..#.#.# #.#
...>...# #.#
#..)### #.### ##.
... #...#
.....#.#######.#
.........g@....#
.....#.#########
... #. . #. #. #.
.. .#


You could see Ijyb (poisoned).

Vanquished Creatures
  3 bats
  3 endoplasms
  3 giant cockroaches
  3 goblins
  2 hobgoblins
  4 jackals (D:2)
  3 kobolds
  A quokka (D:1)
  2 ball pythons (D:1)
  A frilled lizard (D:2)
  2 rats (D:1)
27 creatures vanquished.

Notes
Turn   | Place    | Note
-------+----------+-------------------------------------------
     0 | D:1      | purpskrrrp the Draconian Conjurer began the quest for the
                  | Orb.
     0 | D:1      | Reached XP level 1. HP: 14/14 MP: 3/3
   322 | D:1      | Reached XP level 2. HP: 20/20 MP: 3/5
   322 | D:1      | Identified a scroll of acquirement
   322 | D:1      | Acquired a +1 pair of gloves of stealth
  1036 | D:2      | Found a faded altar of an unknown god.
  1055 | D:2      | Prayed at the altar of an unknown god.
  1055 | D:2      | Became a worshipper of Trog the Wrathful
  1055 | D:2      | Reached * piety under Trog
  1056 | D:2      | Fell from the grace of Trog
  1184 | D:2      | Found Wigg's General Store.
  1428 | D:2      | Reached XP level 3. HP: 26/26 MP: 4/6
  1828 | D:3      | Noticed Ijyb
  1980 | D:3      | Constricted to death by Ijyb

Illustrated notes

Levels and vault maps discovered:
D:1:      sevenhm_arrival_forest_fort_small_4, layout_loops_cross
D:2:      layout_basic, serial_shops, shop, basic_ecumenical_altar
D:3:      wad_river_or_something, layout_basic, uniq_jessica, uniq_sigmund,
          uniq_ijyb, uniq_robin

Skill      XL: |  1 |
---------------+----+-----
Stealth        | 2 |  2.4
Dodging        | 2 |  2.3
Spellcasting   | |  2.2
Conjurations   | |  4.2

Action                   || total
-------------------------++-------
Melee: Unarmed           ||    35
       Tailslap          ||     5
Throw: Dart              ||     1
 Cast: Magic Dart        ||    58
Invok: Renounce Religion ||     1
  Use: Scroll            ||     2
Armor: Skin              ||    36
Dodge: Dodged            ||    54

Table legend: (Time is in decaauts)
 A = Elapsed time spent in this place.
 B = Non-inter-level travel time spent in this place.
 C = Inter-level travel time spent in this place.
 D = Time resting spent in this place.
 E = Time spent auto-exploring this place.
 F = Levels seen in this place.
 G = Mean time per level.
                   A        B        C        D        E       F      G
               +--------+--------+--------+--------+--------+-----+--------+
         Total |   1979 |   1950 |     29 |    194 |   1514 |   3 |  659.7 |
       Dungeon |   1979 |   1950 |     29 |    194 |   1514 |   3 |  659.7 |
               +--------+--------+--------+--------+--------+-----+--------+

Top non-repeatable levels by time:
     D:2: 914 daAuts
     D:1: 896 daAuts
     D:3: 168 daAuts
